 Dungeon Crawl Stone Soup version 0.32-a0-961-gd60f5e5fc7 (webtiles) character file.

Game seed: 17009250079772137358

42601 PriceMaster the Unseen (level 13, -13/61 HPs)
             Began as a Spriggan Enchanter on Apr 17, 2024.
             Was an Initiate of Gozag.
             Mangled by a death yak (25 damage)
             ... on level 5 of the Lair of Beasts on Apr 18, 2024.
             The game lasted 00:43:50 (18375 turns).

PriceMaster the Unseen (Spriggan Enchanter)        Turns: 18375, Time: 00:43:50

Health: -13/61     AC: 10    Str: 13    XL:     13   Next: 86%
Magic:  0/21       EV: 26    Int: 20    God:    Gozag
Gold:   1704       SH:  0    Dex: 21    Spells: 15/21 levels left

rFire   . . .        x - +11 Singing Sword {sonic wave}
rCold   . . .        (shield currently unavailable)
rNeg    . . .        V - +4 acid dragon scales "Ibyukh" {rCorr Slay+2}
rPois   +            (helmet restricted)
rElec   .            m - scarf {repulsion}
rCorr   +            (gloves unavailable)
SInv    +            (boots unavailable)
Will    +++..        D - amulet of guardian spirit
Stlth   ++++++       l - ring of Eternal Night {rPois Will+ Dex+3}
HPRegen 0.30/turn    I - +6 ring of strength
MPRegen 0.17/turn

%: repel missiles, guardian spirit
@: gold aura, very quick
A: very small, no large weapons, unfitting armour, see invisible, speed 3,
hooves 1, clever 1, frail 1, strong 1
a: Renounce Religion, Potion Petition, Call Merchant, Bribe Branch


You were on level 5 of the Lair of Beasts.
You worshipped Gozag.
Gozag was most pleased with you.
You visited 3 branches of the dungeon, and saw 17 of its levels.
You also visited: Sewer and Bailey.

You collected 3990 gold pieces.
You spent 1657 gold pieces at shops.
You paid 629 gold pieces to Gozag.

Inventory:

Hand Weapons
 i - a +1 dagger of venom
 x - the +11 Singing Sword (weapon) {sonic wave}
   (You found it on level 4 of the Dungeon)
Missiles
 d - 59 poisoned darts (quivered)
 z - 2 throwing nets
Armour
 b - a +1 robe
 m - a scarf of repulsion (worn)
 o - a +0 cloak
 N - a +2 scale mail of fire resistance
 V - the +4 acid dragon scales "Ibyukh" (worn) {rCorr Slay+2}
   (You found it in a bailey)

   Slay+2:    It affects your accuracy & damage with ranged weapons and melee
   (+2).
   rCorr:     It protects you from acid and corrosion.
 X - a +2 robe of positive energy
Jewellery
 l - the ring of Eternal Night (left hand) {rPois Will+ Dex+3}
   (You bought it in a shop on level 1 of the Lair of Beasts)

   [ring of willpower]

   Dex+3:     It affects your dexterity (+3).
   rPois:     It protects you from poison.
   Will+:     It increases your willpower.
 q - a +4 ring of protection
 r - a ring of positive energy
 v - a ring of wizardry
 D - an amulet of guardian spirit (around neck)
 E - a ring of protection from fire
 F - an amulet of faith
 I - a +6 ring of strength (right hand)
 M - a ring of wizardry
 O - a ring of ice
 T - a ring of protection from cold
Talismans
 A - a granite talisman
Wands
 n - a wand of warping (16)
 p - a wand of charming (23)
 w - a wand of digging (8)
 R - a wand of flame (6)
Scrolls
 a - a scroll of enchant armour
 c - a scroll of enchant weapon
 f - 2 scrolls of fog
 s - 5 scrolls of noise
 t - a scroll of amnesia
 y - 2 scrolls of blinking
 C - 2 scrolls of teleportation
 G - 4 scrolls of poison
 K - 7 scrolls of identify
 L - a scroll of revelation
 P - 2 scrolls of vulnerability
 S - a scroll of torment {unknown}
 U - a scroll of brand weapon
Potions
 e - 7 potions of curing
 g - a potion of cancellation
 h - 3 potions of enlightenment
 j - 5 potions of lignification
 k - 3 potions of heal wounds
 u - 3 potions of brilliance
 H - 2 potions of degeneration
 J - 2 potions of might
 Q - 4 potions of attraction
Miscellaneous
 B - a phantom mirror (inert)


   Skills:
 * Level 8.1 Fighting
 + Level 8.6(13.0) Short Blades
 * Level 12.0(12.7) Long Blades
 + Level 0.1 Throwing
 + Level 3.0 Armour
 * Level 12.9 Dodging
 * Level 16.3 Stealth
 + Level 4.8 Spellcasting
 + Level 5.2 Hexes
 + Level 0.3 Necromancy
 + Level 2.2 Evocations


You had 15 spell levels left.
You knew the following spells:

 Your Spells              Type           Power      Damage    Failure   Level
a - Jinxbite              Hex            50%        N/A       3%          2
b - Anguish               Hex/Necr       7%         N/A       50%         4

Your spell library contained the following spells:

 Spells                   Type           Power      Damage    Failure   Level
 Confusing Touch          Hex            25%        N/A       6%          3
 Sigil of Binding         Hex            25%        N/A       6%          3
 Tukima's Dance           Hex            25%        N/A       6%          3
 Ensorcelled Hibernation  Hex/Ice        30%        N/A       9%          2
 Kiss of Death            Conj/Necr      20%        2d7       16%         1
 Necrotise                Necr           24%        1d5       16%         1
 Apportation              Tloc           8%         N/A       17%         1
 Shock                    Conj/Air       16%        1d4       17%         1
 Summon Small Mammal      Summ           16%        N/A       17%         1
 Dazzling Flash           Conj/Hex       30%        N/A       19%         3
 Cause Fear               Hex            12%        N/A       21%         4
 Vampiric Draining        Necr           6%         2d6       41%         3
 Call Canine Familiar     Summ           4%         N/A       45%         3
 Swiftness                Air            4%         N/A       45%         3
 Dispel Undead            Necr           6%         3d8       83%         4
 Martyr's Knell           Necr/Summ      5%         N/A       85%         4
 Airstrike                Air            2%         2d(1-17)  86%         4
 Summon Blazeheart Golem  Fire/Summ      4%         N/A       86%         4
 Alistair's Intoxication  Alch           2%         N/A       99%         5
 Curse of Agony           Necr           6%         N/A       99%         5
 Enfeeble                 Hex            12%        N/A       100%        7
 Haunt                    Necr/Summ      2%         N/A       100%        7
 Orb of Destruction       Conj           2%         9d5       100%        7
 Spellforged Servitor     Conj/Summ      2%         N/A       100%        7
 Borgnjor's Revivificati  Necr           3%         N/A       100%        8
 Death's Door             Necr           3%         N/A       100%        9


Dungeon Overview and Level Annotations

Branches:
Dungeon (11/15)            Temple (1/1) D:4            Lair (5/5) D:11
  Slime (0/5) Lair:4        Sewer (visited)          Bailey (visited)
  Swamp: Lair:2-3    Shoals: Lair:2-3     Snake: Lair:2-3    Spider: Lair:2-3
    Orc: D:9-12

Altars:
Ashenzari
Cheibriados
Dithmenos
Elyvilon
Fedhas
Gozag
Hepliaklqana
Kikubaaqudgha
Makhleb
Nemelex Xobeh
Okawaru
Qazlal
Ru
Sif Muna
Trog
Uskayaw
Vehumet
Wu Jian
Xom
Yredelemnul
Zin
The Shining One
Jiyva
Lugonu

Shops:
D:2 =   D:5 :   Lair:1 =

Annotations:
D:9 2 transporters


Innate Abilities, Weirdness & Mutations

You are very small and have problems with some larger weapons.
You are too small for most types of armour.
You have supernaturally acute eyesight. (SInv)
You cover ground extremely quickly. (Speed+++)
You have large cloven feet.
Your mind is acute. (Int +4, Str/Dex -1)
You are frail. (-10% HP)
Your muscles are strong. (Str +4, Int/Dex -1)


Message History

The Singing Sword roars loudly.
You send a blast of sound all around you.
The death yak is heavily wounded.
The death yak is moderately wounded.
The plant begins to die.
The plant is lightly damaged.
The plant begins to die.
The plant is lightly damaged.
The plant begins to die.
The plant is lightly damaged.
You kick the death yak, but do no damage.
The death yak is moderately wounded.
The death yak misses you.
You slice the death yak!!
The death yak is severely wounded.
The death yak gores you.
Unknown command.
You slice the death yak!!
The Singing Sword says, "Unhand me, foul miscreant!"
You send a blast of sound all around you.
The death yak is severely wounded.
The plant is moderately damaged.
The plant is lightly damaged. x2
You kill the death yak!
You slash the death yak!
You kick the death yak, but do no damage.
The death yak is almost dead.
The death yak is distracted by your dazzling golden aura.
You catch the helpless death yak completely off-guard!
You hit the death yak but do no damage.
The death yak is no longer distracted by gold.
Your kick misses the death yak.
The death yak is almost dead.
A nearby plant withers and dies.
The death yak gores you!!
* * * LOW HITPOINT WARNING * * *
You completely miss the death yak.
The death yak is almost dead.
A nearby plant withers and dies. x2; The death yak gores you!!
You die...
Your body crumbles into a pile of gold.

.......<............####.........
.......#......##..#.####....#....
......##########.#.)#.......#....
.....## ##### ##.#..#.....##..##
.....####...## ###...#.........#
....[..#.....###...............##
............##.#................#
#...........#....................
...............Y@...............#
...............#...........#.[.##
.............#......###...#....#
..........#####....###.........#
##.......## #.................##
..#....#.# #...................#
...#..#### P...................P#
..#..#..# #...................###
.###.P.## ...P.................#


You could see a death yak.

Vanquished Creatures
  An eleionoma (Lair:2)
  Josephine (D:10)
  2 hydras
  A boulder beetle (Lair:5)
  4 two-headed ogres
  The ghost of jasper the Stormcaller, a journeyman TeAE of Vehumet (D:8)
  8 death yaks
  Sonja (D:10)
  A skyshark (Lair:4)
  Maurice (D:10)
  9 elephants
  2 black mambas (Lair:2)
  Jeremiah (D:7)
  4 cane toads
  3 rime drakes
  4 kobold demonologists
  A gargoyle (Bailey)
  4 komodo dragons
  2 unseen horrors (D:11)
  A polar bear (Lair:2)
  2 trolls
  13 blink frogs
  A shadow (D:9)
  A vampire (Bailey)
  4 wraiths (D:10)
  A human (D:3)
  11 wyverns
  32 yaks
  A basilisk (Lair:5)
  2 steam dragons (D:7)
  Menkaure (D:7)
  19 water moccasins
  3 black bears
  A hornet zombie (D:7)
  2 ice beasts (D:6)
  4 orc warriors
  A sky beast (D:7)
  2 ogres (D:5)
  32 wolves
  A centaur (D:9)
  7 kobold brigands
  9 bullfrogs
  2 gnoll sergeants
  2 wyvern zombies (D:7)
  A scorpion (D:5)
  A wight (D:7)
  3 killer bees (D:7)
  8 vampire bats (Bailey)
  6 wolf zombies (Bailey)
  A howler monkey (D:5)
  3 centaur zombies (D:7)
  3 bullfrog zombies (D:7)
  A jelly (D:7)
  6 orc priests
  A bombardier beetle (D:4)
  3 hounds
  4 gnoll boudas
  A human zombie (D:7)
  11 hell rats
  2 sleepcaps
  11 orc wizards
  A killer bee zombie (D:7)
  19 gnolls
  7 adders
  A river rat (D:4)
  A shadow imp (D:5)
  2 ribbon worms (D:3)
  8 dart slugs
  28 orcs
  9 endoplasms
  13 giant cockroaches
  12 goblins
  4 hobgoblins
  3 jackals (D:5)
  29 kobolds
  2 quokkas (D:4)
  7 ball pythons
  8 bats
  16 frilled lizards
  A kobold skeleton (D:3)
  A kobold zombie (D:3)
  18 orc zombies (Bailey)
  6 rats
468 creatures vanquished.

Vanquished Creatures (collateral kills)
  2 dream sheep (Lair:5)
  6 yaks (Lair:5)
  A bombardier beetle (D:5)
  An orc (D:5)
10 creatures vanquished.

Vanquished Creatures (others)
  A skyshark (Lair:5)
  An elephant (Lair:5)
2 creatures vanquished.

Grand Total: 480 creatures vanquished

Notes
Turn   | Place    | Note
-------+----------+-------------------------------------------
     0 | D:1      | PriceMaster the Spriggan Enchanter began the quest for the
                  | Orb.
     0 | D:1      | Reached XP level 1. HP: 9/9 MP: 5/5
   149 | D:1      | Reached XP level 2. HP: 3/13 MP: 6/6
   439 | D:1      | Reached skill level 5 in Stealth
   475 | D:1      | Found a faded altar of an unknown god.
   533 | D:1      | Reached XP level 3. HP: 16/16 MP: 8/8
  1195 | D:2      | Found Vikk's Jewellery Emporium.
  1312 | D:2      | Reached XP level 4. HP: 21/21 MP: 3/9
  1647 | D:2      | Reached skill level 6 in Stealth
  1761 | D:3      | Found a runed translucent door.
  1761 | D:3      | Noticed a human
  1767 | D:3      | Found a basalt altar of Yredelemnul.
  1940 | D:3      | Killed a human
  2012 | D:3      | Reached skill level 1 in Fighting
  3219 | D:4      | Reached XP level 5. HP: 21/25 MP: 6/10
  3391 | D:4      | Found a staircase to the Ecumenical Temple.
  3486 | D:4      | Found a glowing drain.
  3519 | D:4      | Found the +11 Singing Sword {sonic wave}
  3582 | Sewer    | Entered a sewer
  3870 | Sewer    | Reached skill level 7 in Stealth
  3878 | Sewer    | Reached skill level 1 in Long Blades
  3878 | Sewer    | Reached XP level 6. HP: 19/30 MP: 11/11
  4039 | D:5      | Entered Level 5 of the Dungeon
  4040 | D:5      | Noticed a water moccasin
  4124 | D:5      | Killed a water moccasin
  4126 | D:5      | Reached skill level 5 in Dodging
  4130 | D:5      | Reached XP level 7. HP: 20/34 MP: 12/12
  4382 | D:5      | Found a snail-covered altar of Cheibriados.
  4383 | D:5      | Found a hazy altar of Hepliaklqana.
  4644 | D:5      | Reached skill level 8 in Stealth
  4676 | D:5      | Found Mycanyagh's Book Shoppe.
  4826 | Temple   | Entered the Ecumenical Temple
  4903 | Temple   | Became a worshipper of Gozag Ym Sagoz the Greedy
  5044 | D:6      | Reached XP level 8. HP: 37/39 MP: 13/13
  5913 | D:7      | Reached skill level 9 in Stealth
  5946 | D:7      | Noticed Jeremiah
  5950 | D:7      | Reached skill level 5 in Short Blades
  5951 | D:7      | Noticed Menkaure
  5965 | D:7      | Killed Menkaure
  5965 | D:7      | Killed Jeremiah
  5966 | D:7      | Reached XP level 9. HP: 26/44 MP: 5/14
  5980 | D:7      | Reached skill level 10 in Stealth
  5993 | D:7      | Reached skill level 5 in Long Blades
  6030 | D:7      | Found a sparkling altar of Nemelex Xobeh.
  6030 | D:7      | Found a glowing silver altar of Zin.
  6087 | D:7      | Found a broken altar of Ashenzari.
  6089 | D:7      | Found a glowing golden altar of the Shining One.
  6090 | D:7      | Found a shimmering blue altar of Sif Muna.
  6095 | D:7      | Found a blossoming altar of Fedhas.
  6096 | D:7      | Found a sacrificial altar of Ru.
  6099 | D:7      | Found a bloodstained altar of Trog.
  6099 | D:7      | Found a stormy altar of Qazlal.
  6102 | D:7      | Found an iron altar of Okawaru.
  6476 | D:7      | Found an ancient bone altar of Kikubaaqudgha.
  6788 | D:8      | Noticed jasper's ghost (journeyman TeAE)
  6942 | D:8      | Found a runed translucent door.
  6998 | D:8      | Reached skill level 11 in Stealth
  7716 | D:8      | Killed jasper's ghost
  7717 | D:8      | Reached XP level 10. HP: 47/51 MP: 13/15
  8063 | D:9      | Reached skill level 12 in Stealth
  8158 | D:9      | Found a flagged portal.
  8327 | D:9      | Found a transporter.
  8343 | D:9      | Found a transporter.
  8343 | D:9      | Noticed a red ugly thing
  8344 | D:9      | Noticed a large abomination
  8344 | D:9      | Noticed a brown ugly thing
  8345 | D:9      | Found a corrupted altar of Lugonu.
  8345 | D:9      | Noticed a red ugly thing
  8451 | Bailey   | Entered a bailey
  8509 | Bailey   | Noticed a gargoyle
  8515 | Bailey   | Killed a gargoyle
  8600 | Bailey   | Identified the +4 acid dragon scales "Ibyukh" {rCorr
                  | Slay+2}
  8601 | Bailey   | Identified the +0 leather armour of Miygef {Rampage rF+
                  | rCorr Dex+3}
  8719 | Bailey   | Reached skill level 5 in Fighting
  8944 | D:9      | Reached skill level 13 in Stealth
  9414 | D:10     | Entered Level 10 of the Dungeon
  9442 | D:10     | Noticed Josephine
  9453 | D:10     | Reached XP level 11. HP: 49/55 MP: 14/16
  9455 | D:10     | Killed Josephine
  9456 | D:10     | Noticed Sonja
  9480 | D:10     | Killed Sonja
  9643 | D:10     | Noticed Maurice
  9660 | D:10     | Maurice stole a ring of wizardry
  9661 | D:10     | Killed Maurice
  9730 | D:10     | Noticed a soul eater
 10144 | D:10     | Noticed a two-headed ogre
 10152 | D:10     | Killed a two-headed ogre
 10153 | D:10     | Reached skill level 1 in Armour
 10153 | D:10     | Reached skill level 14 in Stealth
 10398 | D:11     | Noticed a two-headed ogre
 10403 | D:11     | Killed a two-headed ogre
 10404 | D:11     | Reached skill level 10 in Dodging
 10583 | D:11     | Noticed a two-headed ogre
 10586 | D:11     | Noticed a two-headed ogre
 10593 | D:11     | Killed a two-headed ogre
 10597 | D:11     | Killed a two-headed ogre
 10967 | D:11     | Found a staircase to the Lair.
 10969 | D:11     | Gained mutation: You have large cloven feet. [potion of
                  | mutation]
 10969 | D:11     | Gained mutation: You are strong-willed. (Will+) [potion of
                  | mutation]
 11721 | D:5      | Bought a Necronomicon for 594 gold pieces
 12761 | D:1      | Upgraded the game from 0.32-a0-953-g508020473e to
                  | 0.32-a0-961-gd60f5e5fc7
 12797 | D:2      | Bought a +6 ring of strength for 468 gold pieces
 13003 | Lair:1   | Entered Level 1 of the Lair of Beasts
 13167 | Lair:1   | Reached XP level 12. HP: 52/61 MP: 14/17
 14065 | Lair:1   | Lost mutation: You are strong-willed. (Will+) [potion of
                  | mutation]
 14065 | Lair:1   | Lost mutation: You have large cloven feet. [potion of
                  | mutation]
 14065 | Lair:1   | Gained mutation: Your muscles are strong. (Str +4, Int/Dex
                  | -1) [potion of mutation]
 14065 | Lair:1   | Gained mutation: You are frail. (-10% HP) [potion of
                  | mutation]
 14065 | Lair:1   | Gained mutation: Your mind is acute. (Int +4, Str/Dex -1)
                  | [potion of mutation]
 14065 | Lair:1   | Gained mutation: You have large cloven feet. [potion of
                  | mutation]
 14069 | Lair:1   | Bought the ring of Eternal Night {rPois Will+ Dex+3} for
                  | 595 gold pieces
 14163 | Lair:2   | Reached skill level 10 in Long Blades
 14271 | Lair:2   | Noticed an eleionoma
 14282 | Lair:2   | Killed an eleionoma
 14283 | Lair:2   | Reached skill level 15 in Stealth
 14361 | Lair:2   | You fall into a shaft and drop 1 floor!
 14684 | Lair:3   | Noticed a five-headed hydra
 14713 | Lair:3   | Killed a seven-headed hydra
 15011 | Lair:3   | Learned a level 2 spell: Jinxbite
 15431 | Lair:4   | Found a viscous altar of Jiyva.
 15490 | Lair:4   | Found a staircase to the Slime Pits.
 15600 | Lair:4   | Noticed a death yak
 15602 | Lair:4   | Noticed a death yak
 15603 | Lair:4   | Noticed a death yak
 15609 | Lair:4   | Killed a death yak
 15612 | Lair:4   | Killed a death yak
 15637 | Lair:4   | Killed a death yak
 15638 | Lair:4   | Reached skill level 1 in Evocations
 15638 | Lair:4   | Reached XP level 13. HP: 24/60 MP: 6/18
 16671 | Lair:5   | Entered Level 5 of the Lair of Beasts
 17077 | Lair:4   | Learned a level 4 spell: Anguish
 17864 | Lair:5   | Reached skill level 16 in Stealth
 18130 | Lair:5   | Reached skill level 5 in Hexes
 18375 | Lair:5   | Mangled by a death yak

Illustrated notes

Levels and vault maps discovered:
D:1:      sevenhm_arrival_forest_fort_small_6, layout_basic,
          ebering_ecumenical_altar_webs, grunt_decor_resistance,
          dk_noncrumbling_4, chequers_serial_rivers_micro_d,
          minmay_misc_feat_doors, feat_on_display
D:2:      layout_loops_ring, serial_shops, shop
D:3:      layout_loops_corners, dk_yredelemnul_ordeal
D:4:      layout_cave_pools, minmay_temple_entry_trees,
          mainiacjoe_sewer_entry_somewhere_in_here_1,
          nicolae_kite_square_tiling_tiny, skrybe_limestone_x
D:5:      layout_gridville, gammafunk_temple_overflow_statue, serial_shops,
          nicolae_shop_stone
D:6:      layout_basic, hangedman_decor_diamond_cutter
D:7:      layout_cave_pools, nicolae_overflow_hallway_of_the_gods,
          lemuel_mausoleum_altar_kikubaaqudgha, corexii_item_surrounded_by_moat,
          uniq_jeremiah, uniq_menkaure
D:8:      layout_loops_corners, hellmonk_ghost_happy_afterlife
D:9:      gammafunk_corrupted_shrine, layout_cave_pods, enter_bailey_3
D:10:     layout_long_grid, uniq_sonja, uniq_maurice, uniq_josephine
D:11:     layout_rooms, erik_lair_orcish_takeover
Temple:   pf_temple_reverse_labyrinth
Lair:1:   layout_cave_pods
Lair:2:   layout_misc_corridors, alex1729_swamp_entry_worm_eleionoma,
          nicolae_snake_entry_warm_welcome, lemuel_fruit_fields
Lair:3:   layout_long_grid
Lair:4:   layout_loops_ring, slime_entry_1, grunt_megastairs_1
Lair:5:   grunt_lair_end_beastmaster, layout_misc_corridors,
          dreamdust_gnoll_shepherd

Skill      XL: |  1  2  3  4  5  6  7  8  9 10 11 12 13 |
---------------+----------------------------------------+-----
Stealth        | 5 6 7 8 9 11 13 14 15 16 | 16.3
Dodging        | 3 4 5 6 7 8 9 10 11 12 | 12.9
Short Blades   | 2 3 4 5 6 7 8 |  8.6
Fighting       | 1 2 3 4 5 6 7 8 |  8.1
Long Blades    | 1 2 3 4 6 7 9 11 12 | 12.0
Armour         | 2 3 |  3.0
Hexes          | 4 5 |  5.2
Evocations     | 1 2 |  2.2
Spellcasting   | 4 |  4.8
Throwing       | |  0.1
Necromancy     | |  0.3

Action                     |  1- 3 |  4- 6 |  7- 9 | 10-12 | 13-15 || total
---------------------------+-------+-------+-------+-------+-------++-------
  Melee: Dagger            |   136 |   203 |       |       |       ||   339
         Double sword      |       |    92 |   137 |   368 |   179 ||   776
         Kick              |       |       |       |    40 |    73 ||   113
  Throw: Dart              |       |     4 |       |     1 |     1 ||     6
   Cast: Jinxbite          |       |       |       |     5 |    27 ||    32
         Anguish           |       |       |       |       |     6 ||     6
 Invoke: Call Merchant     |       |       |       |     1 |       ||     1
  Evoke: Wand              |       |     1 |       |    17 |     9 ||    27
         Phantom mirror    |       |       |       |     1 |     1 ||     2
    Use: Scroll            |     4 |     1 |     7 |     2 |     2 ||    16
         Potion            |       |     1 |     2 |    13 |     1 ||    17
   Stab: Sleeping          |    14 |    15 |    18 |    15 |       ||    62
         Invisible         |       |     2 |     2 |       |       ||     4
         Distracted        |       |       |       |    14 |     6 ||    20
 Armour: Robe              |    48 |   144 |    36 |    14 |       ||   242
         Acid dragon scale |       |       |       |   137 |    74 ||   211
  Dodge: Dodged            |    81 |   285 |   110 |   358 |   199 ||  1033
         Repelled          |       |       |       |     1 |     2 ||     3

Table legend: (Time is in decaauts)
 A = Elapsed time spent in this place.
 B = Non-inter-level travel time spent in this place.
 C = Inter-level travel time spent in this place.
 D = Time resting spent in this place.
 E = Time spent auto-exploring this place.
 F = Levels seen in this place.
 G = Mean time per level.
                   A        B        C        D        E       F      G
               +--------+--------+--------+--------+--------+-----+--------+
         Total |  13446 |  12080 |   1366 |   2093 |   6460 |  19 |  707.7 |
       Dungeon |   8368 |   7153 |   1215 |    638 |   4349 |  11 |  760.7 |
        Temple |     86 |      3 |     83 |      0 |      0 |   1 |   86.0 |
          Lair |   4248 |   4181 |     67 |   1454 |   1856 |   5 |  849.6 |
         Sewer |    358 |    358 |      0 |      0 |     19 |   1 |  358.0 |
        Bailey |    385 |    385 |      0 |      0 |    235 |   1 |  385.0 |
               +--------+--------+--------+--------+--------+-----+--------+

Top non-repeatable levels by time:
  Lair:4: 1250 daAuts
  Lair:5: 1199 daAuts
     D:3: 1003 daAuts
     D:8: 966 daAuts
     D:5: 883 daAuts
     D:1: 868 daAuts
  Lair:3: 793 daAuts
  Lair:1: 782 daAuts
    D:10: 732 daAuts
     D:7: 692 daAuts
     D:6: 670 daAuts
    D:11: 665 daAuts
     D:9: 660 daAuts
     D:4: 638 daAuts
     D:2: 586 daAuts
